 Dungeon Crawl Stone Soup version 0.21.1-1-g345015fe64 (webtiles) character file.

8812 Gargoyl the Agent of Entropy (level 11, -2/88 HPs)
             Began as a Centaur Abyssal Knight on Apr 10, 2018.
             Was a Priest of Lugonu.
             Slain by a merfolk
             ... wielding a +1 antimagic trident
              (13 damage)
             ... on level 2 of the Lair of Beasts.
             The game lasted 00:19:19 (12896 turns).

Gargoyl the Agent of Entropy (CeAK)                Turns: 12896, Time: 00:19:20

Health: -2/88      AC: 14    Str: 15    XL:     11   Next: 14%
Magic:  0/17       EV:  5    Int: 11    God:    Lugonu [***...]
Gold:   678        SH:  6    Dex: 12    Spells: 10/10 levels left

rFire    . . .     SeeInvis .   b - +4 long sword (freeze)
rCold    . . .     Gourm    .   y - +2 buckler {AC+3}
rNeg     + . .     Faith    .   h - +2 chain mail
rPois    .         Spirit   .   (no helmet)
rElec    .         Reflect  .   (no cloak)
rCorr    .         Harm     .   (no gloves)
MR       .....                  (no barding)
Stlth    ..........             i - amulet of rage
HPRegen  0.24/turn              (no ring)
MPRegen  0.15/turn              C - ring of positive energy

@: very quick
A: large, hooves 3, deformed body, speed 2, tough skin 3
a: Depart the Abyss, Bend Space, Banish, Renounce Religion, Evoke Berserk Rage


You were on level 2 of the Lair of Beasts.
You worshipped Lugonu.
Lugonu was most pleased with you.
You were near starving.

You visited 2 branches of the dungeon, and saw 11 of its levels.
You visited the Abyss 1 time.

You collected 678 gold pieces.

Inventory:

Hand Weapons
 a - a +1 hand axe
 b - a +4 long sword of freezing (weapon)
 A - the +6 whip of Wu Jian's Wrath {flame, rElec}
   (You found it on level 1 of the Lair of Beasts)

   It has been specially enchanted to burn those struck by it, causing extra
   injury to most foes and up to half again as much damage against particularly
   susceptible opponents.
   It insulates you from electricity.
Missiles
 x - 4 javelins (quivered)
Armour
 h - a +2 chain mail (worn)
 y - a +2 buckler of protection (worn)
Jewellery
 i - an amulet of rage (around neck)
 n - an uncursed ring of resist corrosion {unknown}
 C - a ring of positive energy (right hand)
Wands
 e - a wand of polymorph (11)
 t - a wand of flame (16)
 u - a wand of acid (22)
 v - a wand of scattershot (3)
Scrolls
 k - 2 scrolls of blinking
 l - 3 scrolls of teleportation
 m - 6 scrolls of identify
 q - 7 scrolls of remove curse
 r - 2 scrolls of magic mapping
Potions
 d - a potion of lignification
 g - 3 potions of curing
 j - 2 potions of haste
 o - a potion of brilliance
 p - a potion of magic
 s - 3 potions of might
 w - a potion of flight
 E - a potion of cancellation {unknown}
Books
 z - a book of Beasts

   Spells                             Type                      Level
   a - Summon Butterflies             Summoning                    1
   b - Call Canine Familiar           Summoning                    3
   c - Summon Ice Beast               Ice/Summoning                4
   d - Summon Mana Viper              Hexes/Summoning              5
   e - Summon Hydra                   Summoning                    7
Miscellaneous
 f - a lightning rod (4/4)
Comestibles
 c - 16 rations


   Skills:
 + Level 5.5 Fighting
 + Level 7.5 Long Blades
 * Level 6.7 Axes
 + Level 0.3 Throwing
 * Level 7.5 Armour
 + Level 1.9 Dodging
 + Level 2.1 Shields
 * Level 8.3 Invocations
 + Level 0.4 Evocations


You had 10 spell levels left.
You didn't know any spells.

Dungeon Overview and Level Annotations

Branches:
Dungeon (8/15)             Temple (0/1) D:7            Lair (3/6) D:8
  Swamp: Lair:2-4    Shoals: Lair:2-4     Snake: Lair:2-4    Spider: Lair:2-4

Altars:
Dithmenos
Elyvilon
Fedhas
Hepliaklqana
Kikubaaqudgha
Nemelex Xobeh
Qazlal
Ru
Sif Muna
Vehumet
Wu Jian
Zin

Shops:
D:4 ?

Annotations:
D:5 Prince Ribbit
Abyss:1 Grum


Innate Abilities, Weirdness & Mutations

You have hooves in place of feet.
Armour fits poorly on your strangely shaped body.
You cover ground very quickly.
You have extremely tough skin. (AC +3)


Message History

You hit the merfolk but do no damage. Your kick misses the merfolk.
The merfolk is severely wounded.
The merfolk hits you with an antimagic trident!
You feel your power leaking away. The yak gores you but does no damage.
The yak gores you.
You completely miss the merfolk. You kick the merfolk.
The merfolk is severely wounded.
The merfolk hits you with an antimagic trident!
* * * LOW HITPOINT WARNING * * *
The yak gores you!
* * * LOW HITPOINT WARNING * * *
The yak gores you.
* * * LOW HITPOINT WARNING * * *
You feel better.
The merfolk hits you but does no damage.
The yak barely misses you. The yak gores you!
* * * LOW HITPOINT WARNING * * *
You feel better.
The merfolk hits you with an antimagic trident!
You die...

.... P.....P# #.....
.......# #.....
#......#
#.....##.....#
.............##
#..P..#).....##
.#....#......#.#####
.........÷..........
........÷÷.@........
..........mYY.......
....................
##..P...............
#>....#.............
......#.............
..............#####.#
............####.##.
............P.....P.


You could see a merfolk and 2 yaks.

Vanquished Creatures
  A two-headed ogre (D:8)
  The ghost of Burgietje the Cleaver, a novice MiCK of Xom (D:5)
  A spiny frog (Lair:1)
  A troll (D:8)
  2 hippogriffs
  3 wyverns (D:8)
  A hungry ghost (D:7)
  6 yaks
  Menkaure (D:7)
  A water moccasin (Lair:1)
  An orc warrior (D:7)
  2 porcupines
  2 sky beasts (D:7)
  A black bear (D:6)
  A necrophage (D:7)
  3 phantoms
  2 ogres
  9 wolves
  2 crocodiles (Lair:1)
  3 centaurs
  A big kobold (D:7)
  4 bullfrogs (Lair:1)
  2 scorpions
  An electric eel (D:8)
  A howler monkey (D:8)
  A crimson imp (D:8)
  A bullfrog zombie (D:7)
  7 orc priests
  13 hounds
  2 jellies
  6 orc wizards
  A centaur skeleton (D:5)
  Terence (D:2)
  4 bullfrog skeletons
  3 iguanas
  4 worker ants
  A statue (D:4)
  A hound zombie (D:7)
  A hound skeleton (D:6)
  9 adders
  5 shadow imps
  An ooze (D:5)
  4 worms
  3 dart slugs
  7 leopard geckos
  21 orcs
  A ball python (D:2)
  4 bats
  6 giant cockroaches
  7 goblins
  3 hobgoblins
  5 quokkas
  4 frilled lizards
  A jackal skeleton (D:7)
  12 kobolds
  A quokka zombie (D:7)
  10 rats
203 creatures vanquished.

Vanquished Creatures (collateral kills)
  4 yaks (Lair:2)
  An orc warrior (D:6)
5 creatures vanquished.

Vanquished Creatures (others)
  A hydra (D:6)
  A yak (Lair:3)
  A wolf (Lair:1)
  4 electric eels (D:8)
  An adder (D:8)
8 creatures vanquished.

Grand Total: 216 creatures vanquished

Notes
Turn   | Place    | Note
-------+----------+-------------------------------------------
     0 | Abyss:1  | Gargoyl the Centaur Abyssal Knight began the quest for the Orb.
     0 | Abyss:1  | Reached XP level 1. HP: 19/19 MP: 2/2
    36 | Abyss:2  | Noticed a smoke demon
    36 | Abyss:2  | Noticed a large abomination
    37 | Abyss:2  | Noticed a worldbinder
    38 | Abyss:2  | Noticed an orc priest
    38 | Abyss:2  | Noticed a troll
    62 | Abyss:2  | Noticed an orc priest
    75 | Abyss:2  | Noticed an orc priest
    80 | Abyss:2  | Noticed a troll
    80 | Abyss:2  | Noticed a warg
   173 | Abyss:3  | Noticed a thrashing horror
   173 | D:1      | Escaped the Abyss
   431 | D:1      | Reached XP level 2. HP: 26/26 MP: 3/3
   518 | D:1      | Reached * piety under Lugonu
   923 | D:2      | Noticed Terence
  1260 | D:2      | Killed Terence
  1260 | D:2      | Reached skill level 1 in Long Blades
  1260 | D:2      | Reached XP level 3. HP: 25/33 MP: 4/4
  1372 | D:2      | Reached XP level 4. HP: 30/40 MP: 5/5
  1812 | D:2      | Found a stormy altar of Qazlal.
  2272 | D:3      | Found a shadowy altar of Dithmenos.
  2595 | D:3      | Reached XP level 5. HP: 31/46 MP: 6/6
  2596 | D:3      | Found a faded altar of an unknown god.
  2820 | D:3      | Found a blossoming altar of Fedhas.
  2857 | D:3      | Found a sparkling altar of Nemelex Xobeh.
  3234 | D:3      | Reached ** piety under Lugonu
  3517 | D:4      | Reached XP level 6. HP: 44/52 MP: 6/8
  3554 | D:4      | Found a radiant altar of Vehumet.
  3924 | D:4      | Found Vaqa's Magic Scroll Boutique.
  4408 | D:4      | Found a deep blue altar of Sif Muna.
  4601 | D:5      | Entered Level 5 of the Dungeon
  4605 | D:5      | Got a heavily runed pewter ring
  4606 | D:5      | Identified the ring "Jaed" {*Slow MP+9 Str+3 Int+2} (You found it on level 5 of the Dungeon)
  4661 | D:5      | Noticed Burgietje's ghost (novice MiCK)
  4680 | D:5      | Killed Burgietje's ghost
  4680 | D:5      | Reached skill level 3 in Invocations
  4680 | D:5      | Reached XP level 7. HP: 5/60 MP: 9/9
  5101 | D:5      | Reached XP level 8. HP: 43/67 MP: 10/10
  5870 | D:5      | Noticed Prince Ribbit
  6134 | D:5      | Found an ornate altar of the Wu Jian Council.
  6137 | D:5      | Found a sacrificial altar of Ru.
  6210 | D:5      | Found a hazy altar of Hepliaklqana.
  6213 | D:5      | Found an ancient bone altar of Kikubaaqudgha.
  6350 | D:6      | Noticed a seven-headed hydra
  6580 | D:6      | Reached skill level 4 in Invocations
  6894 | D:6      | Identified a scroll of acquirement
  6968 | D:6      | Reached *** piety under Lugonu
  6968 | D:6      | Reached skill level 5 in Armour
  6995 | D:6      | Banished a seven-headed hydra
  6995 | D:6      | Reached skill level 5 in Axes
  7105 | D:6      | Reached XP level 9. HP: 72/72 MP: 12/12
  7263 | D:6      | Found a glowing silver altar of Zin.
  7263 | D:6      | Noticed an angel
  7463 | D:7      | Found a staircase to the Ecumenical Temple.
  7490 | D:7      | Noticed Menkaure
  7499 | D:7      | Killed Menkaure
  7499 | D:7      | Reached skill level 1 in Dodging
  7499 | D:7      | Reached skill level 5 in Invocations
  7601 | D:7      | Reached skill level 5 in Long Blades
  7922 | D:7      | Reached skill level 1 in Shields
  7975 | D:7      | Found a white marble altar of Elyvilon.
  8195 | D:7      | Reached skill level 5 in Fighting
  9140 | D:8      | Found a staircase to the Lair.
  9389 | D:8      | Reached skill level 6 in Invocations
  9389 | D:8      | Reached XP level 10. HP: 40/81 MP: 5/14
  9866 | D:8      | Noticed a two-headed ogre
  9870 | D:8      | Killed a two-headed ogre
  9870 | D:8      | Reached skill level 7 in Invocations
 10258 | Lair:1   | Entered Level 1 of the Lair of Beasts
 11106 | Lair:1   | Got an ichor-stained whip
 11107 | Lair:1   | Identified the +6 whip of Wu Jian's Wrath {flame, rElec} (You found it on level 1 of the Lair of Beasts)
 11148 | Lair:1   | Noticed Grum
 11171 | Lair:1   | HP: 1/81 [wolf[Grum] (5)]
 11195 | Lair:1   | Banished Grum
 12122 | Lair:1   | Noticed a spiny frog
 12133 | Lair:1   | Killed a spiny frog
 12133 | Lair:1   | Reached skill level 8 in Invocations
 12133 | Lair:1   | Reached XP level 11. HP: 62/88 MP: 15/17
 12894 | Lair:2   | HP: 2/88 [yak (6)]
 12896 | Lair:2   | Slain by a merfolk

Skill      XL: |  1  2  3  4  5  6  7  8  9 10 |
---------------+-------------------------------+-----
Axes           | 2 3 4 5 6 |  6.7
Long Blades    | 1 3 4 6 7 |  7.5
Armour         | 2 3 5 6 7 |  7.5
Fighting       | 4 5 |  5.5
Invocations    | 3 4 6 8 |  8.3
Dodging        | 1 |  1.9
Shields        | 1 2 |  2.1
Throwing       | |  0.3
Evocations     | |  0.4

Action                   |  1- 3 |  4- 6 |  7- 9 | 10-12 || total
-------------------------+-------+-------+-------+-------++-------
Melee: Long sword        |    52 |   149 |   312 |   226 ||   739
       Kick              |     5 |    30 |    74 |    61 ||   170
Throw: Javelin           |       |       |     2 |     3 ||     5
Invok: Depart the Abyss  |     1 |       |       |       ||     1
       Banish            |       |       |     7 |     3 ||    10
       Bend Space        |       |       |     1 |     4 ||     5
 Abil: Evoke Berserk Rag |       |       |     1 |     1 ||     2
Evoke: Wand              |     1 |       |       |       ||     1
  Use: Scroll            |     8 |     6 |    13 |     4 ||    31
       Potion            |       |       |     3 |     6 ||     9
 Stab: Distracted        |       |       |       |     1 ||     1
  Eat: Chunk             |     1 |     8 |    13 |    11 ||    33
       Ration            |       |       |     2 |       ||     2
Armor: Chain mail        |    35 |   109 |   221 |   184 ||   549
Dodge: Dodged            |    15 |    27 |    84 |    69 ||   195
Block: Buckler           |       |       |    67 |    98 ||   165
       Rpst.: Long sword |     5 |     6 |    24 |    22 ||    57
